 Dungeon Crawl Stone Soup version 0.31-a0-369-g8eba5f6939 (webtiles) character file.

Game seed: 6067461085864759118

19 drugrobin the Sneak (level 2, 0/25 HPs)
             Began as a Demigod Delver on July 29, 2023.
             Slain by Pargi (4 damage)
             ... in a sewer.
             The game lasted 00:05:24 (759 turns).

drugrobin the Sneak (Demigod Delver)                 Turns: 759, Time: 00:05:25

Health: 0/25       AC:  8    Str: 13    XL:     2   Next: 39%
Magic:  4/4        EV:  9    Int: 12    God:
Gold:   59         SH:  0    Dex: 15    Spells: 1/1 levels left

rFire   + . .        a - +0 hand axe
rCold   . . .        (no shield)
rNeg    . . .        h - +0 scale mail
rPois   .            (no helmet)
rElec   .            (no cloak)
rCorr   .            (no gloves)
SInv    +            (no boots)
Will    .....        (no amulet)
Stlth   +            (no ring)
HPRegen 0.24/turn    (no ring)
MPRegen 0.09/turn

%: no passive effects
@: hasted, very quick
A: high MP 1, forlorn, divine attributes, iridescent scales 1, see invisible,
fire resistance 1
a: no special abilities


You were in a sewer.
You visited 1 branch of the dungeon, and saw 3 of its levels.
You also visited: Sewer.

You collected 59 gold pieces.

Inventory:

Hand Weapons
 a - a +0 hand axe (weapon)
Armour
 b - a +0 leather armour
 h - a +0 scale mail (worn)
Scrolls
 c - 2 scrolls of fog
Potions
 e - 2 potions of mutation


   Skills:
 - Level 2.6 Fighting
 + Level 2.9 Axes
 - Level 1.7 Dodging
 - Level 4.5 Stealth


You had one spell level left.
You didn't know any spells.
Your spell library was empty.

Dungeon Overview and Level Annotations

Branches:
Dungeon (5/15)             Temple (0/1) D:4           Sewer (1/1)

Annotations:
D:4 Grinder
D:5 exclusions: scorpion and water moccasin Sewer Pargi


Innate Abilities, Weirdness & Mutations

You have an increased reservoir of magic. (+10% MP)
You shall have no god before yourself.
Your divine heritage dramatically boosts your attributes as you level up.
You are partially covered in iridescent scales. (AC +2)
You have supernaturally acute eyesight. (SInv)
Your flesh is heat resistant. (rF+)


Message History

Pargi barely misses you. Pargi claws you but does no damage.
Your frilled lizard barely misses Pargi.
Your frilled lizard bites Pargi.
Unknown command.
Unknown command.
Unknown command.
You barely miss Pargi.
Pargi is lightly wounded.
Your quokka closely misses Pargi.
Pargi bites you but does no damage. Pargi claws you but does no damage. x2
Your frilled lizard closely misses Pargi.
Your frilled lizard barely misses Pargi.
Unknown command.
Unknown command.
You barely miss Pargi.
Pargi is lightly wounded.
Your quokka completely misses Pargi.
Pargi bites you.
* * * LOW HITPOINT WARNING * * *
Pargi claws you.
* * * LOW HITPOINT WARNING * * *
Pargi claws you.
* * * LOW HITPOINT WARNING * * *
Unknown command.
Unknown command.
Unknown command.
You aren't carrying any items that you can evoke.
Unknown command.
Okay, then.
You aren't carrying any items that you can evoke.
Unknown command.
Unknown command.
Okay, then.
Okay, then.
Unknown command.
You closely miss Pargi.
Pargi is lightly wounded.
Your quokka bites Pargi.
Your frilled lizard misses Pargi.
Your frilled lizard closely misses Pargi.
Pargi bites you.
You die...

#...# #.~.#
##..###~.##
#...#...#
##.~...##
#~~.~~#
##~.~##
###~.l###
#/.#~#Tr#
#??#.#l@#
#########


You could see Pargi (ally target), a friendly quokka (summoned) and 2 friendly
frilled lizards.

Vanquished Creatures
  A worm (D:4)
  An endoplasm (D:3)
  A giant cockroach (D:3)
  7 jackals
  A bat (D:3)
  2 frilled lizards (D:3)
  A kobold (D:3)
  A rat (D:3)
15 creatures vanquished.

Notes
Turn   | Place    | Note
-------+----------+-------------------------------------------
     0 | D:5      | drugrobin the Demigod Delver began the quest for the Orb.
     0 | D:5      | Reached XP level 1. HP: 18/18 MP: 3/3
     1 | D:5      | Noticed a water moccasin
    49 | D:5      | Noticed a scorpion
   401 | D:3      | Reached XP level 2. HP: 21/25 MP: 4/4
   469 | D:4      | Noticed a bullfrog
   476 | D:4      | Noticed Grinder
   530 | D:4      | Found a glowing drain.
   535 | Sewer    | Entered a sewer
   678 | Sewer    | Noticed Pargi
   750 | Sewer    | Gained mutation: Your flesh is heat resistant. (rF+)
                  | [potion of mutation]
   750 | Sewer    | Gained mutation: You have supernaturally acute eyesight.
                  | (SInv) [potion of mutation]
   750 | Sewer    | Gained mutation: You are partially covered in iridescent
                  | scales. (AC +2) [potion of mutation]
   759 | Sewer    | Slain by Pargi

Illustrated notes

Levels and vault maps discovered:
D:3:      layout_basic
D:4:      corexii_shantytown, layout_basic, temple_fountains,
          portal_sewer_entry_e, uniq_ijyb, uniq_grinder
D:5:      layout_cave_pools, grunt_temple_overflow_magic_moments,
          grunt_temple_overflow_open, st_stairs_13, roderic_batcave,
          chequers_serial_rivers_micro_e, amcnicky_mini_rare_corridor_liquid
Sewer:    sewer_the_moccasin

Skill      XL: |  1 |
---------------+----+-----
Axes           | 2 |  2.9
Fighting       | |  2.6
Dodging        | |  1.7
Stealth        | |  4.5

Action                     || total
---------------------------++-------
  Melee: Hand axe          ||    55
  Evoke: Wand              ||     3
    Use: Scroll            ||     4
         Potion            ||     4
   Stab: Sleeping          ||     6
 Armour: Leather armour    ||     8
         Scale mail        ||    14
  Dodge: Dodged            ||    54

Table legend: (Time is in decaauts)
 A = Elapsed time spent in this place.
 B = Non-inter-level travel time spent in this place.
 C = Inter-level travel time spent in this place.
 D = Time resting spent in this place.
 E = Time spent auto-exploring this place.
 F = Levels seen in this place.
 G = Mean time per level.
                   A        B        C        D        E       F      G
               +--------+--------+--------+--------+--------+-----+--------+
         Total |    755 |    733 |     22 |     77 |    194 |   4 |  188.8 |
       Dungeon |    525 |    503 |     22 |      0 |    140 |   3 |  175.0 |
         Sewer |    230 |    230 |      0 |     77 |     54 |   1 |  230.0 |
               +--------+--------+--------+--------+--------+-----+--------+

Top non-repeatable levels by time:
     D:3: 279 daAuts
   Sewer: 230 daAuts
     D:4: 168 daAuts
     D:5: 77 daAuts
